 Dungeon Crawl Stone Soup version 0.25-a0-558-g78a2afb0af (webtiles) character file.

Game seed: 5976221890704325692, levelgen mode: deterministic

116 Flugslaktarn the Shield-Bearer (level 5, 0/42 HPs)
             Began as a Formicid Fighter on Feb 24, 2020.
             Succumbed to an orc wizard's poison
             ... on level 3 of the Dungeon.
             The game lasted 00:00:53 (2343 turns).

Flugslaktarn the Shield-Bearer (Formicid Fighter)   Turns: 2343, Time: 00:00:54

Health: 0/42       AC:  7    Str: 22    XL:     5   Next: 20%
Magic:  5/5        EV:  8    Int:  7    God:
Gold:   89         SH: 13    Dex: 10    Spells: 4/4 levels left

rFire    . . .     SeeInvis +   a - +0 war axe
rCold    . . .     Gourm    .   c - +0 kite shield
rNeg     . . .     Faith    .   b - +0 scale mail
rPois    .         Spirit   .   (helmet unavailable)
rElec    .         Reflect  +   (no cloak)
rCorr    .         Harm     .   (no gloves)
MR       .....                  (no boots)
Stlth    ..........             m - +4 amulet of reflection
HPRegen  0.14/turn              (no ring)
MPRegen  0.09/turn              (no ring)

@: lethally poisoned (0 -> -11)
A: permanent stasis, dig shafts and tunnels, four strong arms, antennae 3
a: Dig, Shaft Self


You were on level 3 of the Dungeon.
You were not hungry.

You visited 1 branch of the dungeon, and saw 3 of its levels.

You collected 89 gold pieces.

Inventory:

Hand Weapons
 a - a +0 war axe (weapon)
Armour
 b - a +0 scale mail (worn)
 c - a +0 kite shield (worn)
Jewellery
 m - a +4 amulet of reflection (around neck)
   (You found it on level 2 of the Dungeon)
Scrolls
 f - a scroll of remove curse {unknown}
 j - 2 scrolls of magic mapping {unknown}
 k - 3 scrolls of identify {unknown}
Potions
 d - a potion of might
 h - 2 potions of flight {unknown}
 i - a potion of cancellation {unknown}
 l - 2 potions of degeneration {unknown}
 n - a potion of heal wounds {unknown}
 o - 2 potions of brilliance {unknown}
 p - a potion of curing {unknown}
 q - a potion of ambrosia {unknown}
Comestibles
 e - 5 rations
 g - a chunk of flesh


   Skills:
 + Level 3.9 Fighting
 * Level 3.4 Axes
 + Level 4.0 Armour
 + Level 4.4 Shields


You had 4 spell levels left.
You didn't know any spells.
Your spell library was empty.

Dungeon Overview and Level Annotations

Branches:
Dungeon (3/15)

Altars:
Ashenzari


Innate Abilities, Weirdness & Mutations

You cannot be hasted, slowed, berserked, paralysed or teleported.
You can dig through walls and to a lower floor.
Your four strong arms can wield two-handed weapons with a shield.
You have a pair of large antennae on your head. (SInv)


Message History

You kill the orc wizard!
Your Armour skill increases to level 4!
You have reached level 5!
* * * LOW HITPOINT WARNING * * *
You feel very sick.
* * * LOW HITPOINT WARNING * * *
You feel sick.
* * * LOW HITPOINT WARNING * * *
You feel sick.
There is a lethal amount of poison in your body!
There is a lethal amount of poison in your body!
* * * LOW HITPOINT WARNING * * *
You feel sick.
* * * LOW HITPOINT WARNING * * *
You feel sick.
* * * LOW HITPOINT WARNING * * *
You feel sick.
* * * LOW HITPOINT WARNING * * *
You feel sick.
You die...

.# .# { .# .# .# .#
#######.# ####
#..@..[.#.....
#.####).......
########.##...†...##.
#...........#).#..#
#.######.####........
#.# #... .....###.
#.# ######...... #.#
#..##### #.# #...
##>.


There were no monsters in sight!

Vanquished Creatures
  An orc wizard (D:3)
  An adder (D:3)
  An ooze (D:3)
  2 worms
  2 dart slugs
  2 leopard geckos (D:1)
  3 orcs (D:3)
  7 bats
  4 giant cockroaches
  5 goblins
  6 hobgoblins
  5 jackals
  A kobold (D:1)
  A quokka (D:2)
  6 frilled lizards
  11 rats
58 creatures vanquished.

Notes
Turn   | Place    | Note
-------+----------+-------------------------------------------
     0 | D:1      | Flugslaktarn the Formicid Fighter began the quest for the
                  | Orb.
     0 | D:1      | Reached XP level 1. HP: 18/18 MP: 1/1
   114 | D:1      | Reached XP level 2. HP: 24/24 MP: 2/2
   621 | D:1      | Reached XP level 3. HP: 27/29 MP: 3/3
  1763 | D:2      | Reached XP level 4. HP: 37/37 MP: 4/4
  2091 | D:3      | Found a shattered altar of Ashenzari.
  2336 | D:3      | Reached XP level 5. HP: 11/42 MP: 5/5
  2341 | D:3      | HP: 2/42 [poisoned by an orc wizard]
  2343 | D:3      | Succumbed to an orc wizard's poison

Levels and vault maps discovered:
D:1:      scummos_arrival_simple_fountains, layout_basic
D:2:      layout_basic
D:3:      layout_loops_corners, ashenzari_altar_1, fedhas_altar_4

Skill      XL: |  1  2  3  4 |
---------------+-------------+-----
Shields        | 4 |  4.4
Axes           | 3 |  3.4
Armour         | 4 |  4.0
Fighting       | |  3.9

Action                   |  1- 3 |  4- 6 || total
-------------------------+-------+-------++-------
Melee: War axe           |    98 |    52 ||   150
  Eat: Chunk             |     3 |     2 ||     5
Armor: Scale mail        |    61 |    19 ||    80
Dodge: Dodged            |    36 |    15 ||    51
Block: Kite shield       |    66 |    41 ||   107

Table legend:
 A = Non-vault XP
 B = Vault XP
 C = Vault XP percentage of total XP
 D = Non-vault monster count
 E = Vault monster count
 F = Vault count percentage of total count
                 A         B        C        D         E       F
            +---------+---------+-------+---------+---------+-------
      Total |     166 |       0 |   0.0 |      58 |       0 |   0.0
            +---------+---------+-------+---------+---------+-------
        D:1 |      45 |       0 |   0.0 |      26 |       0 |   0.0
        D:2 |      25 |       0 |   0.0 |      14 |       0 |   0.0
        D:3 |      96 |       0 |   0.0 |      18 |       0 |   0.0
            +---------+---------+-------+---------+---------+-------
